 Dungeon Crawl Stone Soup version 0.24-a0-698-g60d090ba07 (webtiles) character file.

28 inc the Changer (level 3, 15/15 HPs)
             Began as a Felid Transmuter on Dec 20, 2018.
             Quit the game on level 2 of the Dungeon on Feb 11, 2021.
             The game lasted 00:03:41 (1620 turns).

inc the Changer (Felid Transmuter)                  Turns: 1620, Time: 00:03:42

Health: 15/15      AC:  1    Str:  6    XL:     3   Next: 0%
Magic:  5/7        EV: 18    Int: 15    God:
Gold:   49         SH:  0    Dex: 16    Spells: 5/6 levels left
                                        Lives:  0   Deaths: 0

rFire    . . .     SeeInvis +     - Unarmed
rCold    . . .     Gourm    .   (shield unavailable)
rNeg     . . .     Faith    .   (armour unavailable)
rPois    .         Spirit   .   (helmet unavailable)
rElec    .         Reflect  .   (cloak unavailable)
rCorr    .         Harm     .   (gloves unavailable)
MR       .....                  (boots unavailable)
Stlth    ++........             (no amulet)
HPRegen  0.05/turn              (no ring)
MPRegen  0.10/turn              (no ring)

@: appendage, quick
A: very small, no armour, no weapons or thrown items, stealth, claws 1, fangs 3,
horns 2, see invisible, carnivore, speed 1, shaggy fur 1, slow metabolism 1,
sharp paws
a: End Transformation


You were on level 2 of the Dungeon.
You were not hungry.
You had grown temporary horns.
You visited 1 branch of the dungeon, and saw 2 of its levels.

You collected 49 gold pieces.

Inventory:

Missiles
 a - 12 arrows
Scrolls
 b - 3 scrolls of fog {unknown}
Potions
 d - a potion of haste {unknown}
 e - a potion of heal wounds {unknown}
Comestibles
 c - 2 rations


   Skills:
 - Level 1.0 Fighting
 - Level 2.6 Dodging
 - Level 3.0 Unarmed Combat
 - Level 2.0 Spellcasting
 + Level 3.9 Transmutations


You had 5 spell levels left.
You knew the following spells:

 Your Spells              Type           Power        Failure   Level  Hunger
a - Beastly Appendage     Tmut           ##....       4%          1    #......

Your spell library contained the following spells:

 Spells                   Type           Power        Failure   Level  Hunger
 Sticks to Snakes         Tmut           ##......     7%          2    ###....
 Spider Form              Tmut/Pois      #.........   30%         3    ###....
 Ice Form                 Ice/Tmut       #.......     69%         4    #####..
 Blade Hands              Tmut           ##........   77%         5    ######.


Dungeon Overview and Level Annotations

Branches:
Dungeon (2/15)

Altars:


Innate Abilities, Weirdness & Mutations

You cannot wear armour.
You are incapable of wielding weapons or throwing items.
Your paws allow you to move quietly. (Stealth)
You have sharp claws.
You have razor-sharp teeth.
You have supernaturally acute eyesight. (SInv)
You are carnivorous and can eat meat at any time.
You cover ground quickly.
You are covered in fur. (AC +1)
You have a slow metabolism.
Your sharp claws are effective at attacking unaware monsters.
You have a pair of horns on your head.


Message History

(D) Dungeon
Where to? (? - help)
Okay, then.
(D) Dungeon
Where to? (? - help)
What level of the Dungeon? (default 1, ? - help)
A goblin is nearby!
(D) Dungeon
Where to? (Enter - D:1, ? - help) Welcome back, inc the Felid Transmuter.
Press ? for a list of commands and other information. (m)acro, (M)acro raw, keymap [(k) default, (x) level-map, (t)argeting, (c)onfirm, m(e)nu], (s)ave?
Aborting. (m)acro, (M)acro raw, keymap [(k) default, (x) level-map, (t)argeting, (c)onfirm, m(e)nu], (s)ave?
Input macro trigger key: \{27} Input macro action:
Okay, then.
Welcome back, inc the Felid Transmuter.
Press ? for a list of commands and other information.
Are you sure you want to abandon this character and quit the game? (Confirm with "yes".)

#. #.###### #......#
##### ##......#
#.... ........#
#....##.##.....#
#......g
#.....######
#.....###..........#
#...@##†.....####.#
##....'......# #.#
######......# #.#
###########†# #<#.#
#.#.# #.#.#
######.#.#
.........>#


You could see a goblin (sleeping).

Vanquished Creatures
  3 dart slugs (D:1)
  2 bats (D:1)
  3 goblins
  2 hobgoblins (D:1)
  7 jackals (D:1)
  2 kobolds (D:1)
19 creatures vanquished.

Notes
Turn   | Place    | Note
-------+----------+-------------------------------------------
     0 | D:1      | inc the Felid Transmuter began the quest for the Orb.
     0 | D:1      | Reached XP level 1. HP: 9/9 MP: 4/4
   302 | D:1      | Reached XP level 2. HP: 12/12 MP: 4/6
  1614 | D:2      | Reached XP level 3. HP: 15/15 MP: 5/7
  1620 | D:2      | Upgraded the game from 0.23-a0-607-g760965b to
                  | 0.23-a0-635-g88ca12a
  1620 | D:2      | Upgraded the game from 0.23-a0-635-g88ca12a to
                  | 0.24-a0-123-ga2403f3
  1620 | D:2      | Upgraded the game from 0.24-a0-123-ga2403f3 to
                  | 0.24-a0-698-g60d090ba07
  1620 | D:2      | Quit the game

Levels and vault maps discovered:
D:1:      lemuel_arrival_room, minivault_14, chequers_serial_rivers_micro_a
D:2:      skrybe_limestone_x, tgw_xom

Skill      XL: |  1 |
---------------+----+-----
Transmutations | 3 |  3.9
Fighting       | |  1.0
Dodging        | |  2.6
Unarmed Combat | |  3.0
Spellcasting   | |  2.0

Action                   || total
-------------------------++-------
Melee: Unarmed           ||    75
       Bite              ||     7
       Headbutt          ||     7
 Cast: Beastly Appendage ||     9
 Stab: Sleeping          ||     2
  Eat: Chunk             ||     3
Armor: Skin              ||     4
Dodge: Dodged            ||    73

Table legend:
 A = Non-vault XP
 B = Vault XP
 C = Vault XP percentage of total XP
 D = Non-vault monster count
 E = Vault monster count
 F = Vault count percentage of total count
                 A         B        C        D         E       F
            +---------+---------+-------+---------+---------+-------
      Total |      41 |       0 |   0.0 |      19 |       0 |   0.0
            +---------+---------+-------+---------+---------+-------
        D:1 |      37 |       0 |   0.0 |      17 |       0 |   0.0
        D:2 |       4 |       0 |   0.0 |       2 |       0 |   0.0
            +---------+---------+-------+---------+---------+-------
